 Dungeon Crawl Stone Soup version 0.23.1-37-gaa34b87 (webtiles) character file.

Game seed: 14486033171233996070

9410 poirepourri the Cleaver (level 11, -2/93 HPs)
             Began as a Demonspawn Gladiator on Mar 23, 2019.
             Was an Initiate of Gozag.
             Slain by a yak (8 damage)
             ... on level 11 of the Dungeon.
             The game lasted 00:10:31 (12146 turns).

poirepourri the Cleaver (Demonspawn Gladiator)     Turns: 12146, Time: 00:10:32

Health: -2/93      AC: 11    Str: 14    XL:     11   Next: 22%
Magic:  11/11      EV: 12    Int: 11    God:    Gozag
Gold:   1327       SH:  5    Dex: 19    Spells: 10/10 levels left

rFire    . . .     SeeInvis .   w - +1 hand axe (distort)
rCold    + . .     Gourm    .   (no shield)
rNeg     . . .     Faith    .   x - +0 leather armour
rPois    .         Spirit   .   c - +2 helmet
rElec    .         Reflect  +   k - +1 cloak {MR+}
rCorr    .         Harm     .   m - +2 pair of gloves
MR       +....                  (no boots)
Stlth    ++++......             s - +5 amulet of reflection
HPRegen  0.25/turn              F - +2 ring of intelligence
MPRegen  0.12/turn              l - ring of protection from cold

@: berserk cooldown, flying, slowed, heavily drained, very slow
A: hooves 2, nightstalker 2, rot immunity, sturdy frame 3
a: Potion Petition, Call Merchant, Bribe Branch, Renounce Religion


You were on level 11 of the Dungeon.
You worshipped Gozag.
Gozag was most pleased with you.
You were not hungry.

You visited 2 branches of the dungeon, and saw 12 of its levels.

You collected 1485 gold pieces.
You paid 158 gold pieces to Gozag.

Inventory:

Hand Weapons
 b - a +1 flail of holy wrath
 w - a +1 hand axe of distortion (weapon)
Missiles
 d - 5 throwing nets (quivered)
 v - 33 bolts
Armour
 c - a +2 helmet (worn)
 k - a +1 cloak of magic resistance (worn)
 m - a +2 pair of gloves (worn)
 x - a +0 leather armour (worn)
Jewellery
 l - a ring of protection from cold (right hand)
 s - a +5 amulet of reflection (around neck)
 z - an uncursed ring of flight
 D - a cursed amulet of magic regeneration {unknown}
 F - a +2 ring of intelligence (left hand)
Wands
 i - a wand of digging (3)
 j - a wand of iceblast (8)
 u - a wand of disintegration (5)
 y - a wand of polymorph (19)
 A - a wand of flame (28)
 G - a wand of clouds (1)
Scrolls
 a - a scroll of remove curse
 n - a scroll of identify
Potions
 h - 2 potions of might
 o - 4 potions of cancellation
 p - 3 potions of haste
 t - a potion of agility
 E - a potion of mutation {unknown}
Comestibles
 f - 10 rations


   Skills:
 - Level 11.0(9.2) Fighting
 + Level 12.7(10.8) Axes
 - Level 1.7(0.3) Throwing
 - Level 2.6(1.2) Dodging


You had 10 spell levels left.
You didn't know any spells.
Your spell library contained the following spells:

 Spells                   Type           Power        Failure   Level  Hunger
 Flame Tongue             Conj/Fire      #....        34%         1    ##.....
 Summon Small Mammal      Summ           #...         34%         1    ##.....
 Call Imp                 Summ           #.......     47%         2    ###....
 Shroud of Golubria       Chrm/Tloc      #.........   47%         2    ###....
 Throw Flame              Conj/Fire      #.....       47%         2    ###....
 Call Canine Familiar     Summ           #.......     71%         3    ####...
 Conjure Flame            Conj/Fire      #.......     71%         3    ####...
 Inner Flame              Hex/Fire       #.......     71%         3    ####...
 Recall                   Summ/Tloc      N/A          71%         3    ####...
 Summon Guardian Golem    Hex/Summ       #.......     71%         3    ####...
 Sticky Flame             Conj/Fire      #.......     98%         4    #####..
 Summon Ice Beast         Ice/Summ       #.......     98%         4    #####..
 Summon Lightning Spire   Summ/Air       #.......     98%         4    #####..
 Fireball                 Conj/Fire      #.........   100%        5    ######.


Dungeon Overview and Level Annotations

Branches:
Dungeon (11/15)            Temple (1/1) D:7            Lair (0/6) D:9
    Orc: D:9-12

Altars:
Ashenzari
Cheibriados
Dithmenos
Elyvilon
Fedhas
Gozag
Hepliaklqana
Kikubaaqudgha
Makhleb
Nemelex Xobeh
Okawaru
Qazlal
Ru
Sif Muna
Trog
Uskayaw
Vehumet
Wu Jian
Xom
Yredelemnul
Zin
The Shining One

Portals:
Trove: D:10 (give 20 scrolls of identify)

Annotations:
D:11 1 runed translucent door, Nergalle; Yolobob's ghost, journeyman TrAs
Abyss:1 Erica; Sonja


Innate Abilities, Weirdness & Mutations

You have hoof-like feet.
You are significantly more attuned to the shadows.
You are immune to rotting.
Your movements are significantly less encumbered by armour. (ER -6)


Message History

* * * LOW HITPOINT WARNING * * *
The yak gores you.
* * * LOW HITPOINT WARNING * * *
The komodo dragon becomes distracted by the nearby gold, dreaming of imaginary riches.
Items here: $ ( ) [ 3 gold pieces; a tomahawk; a +0 hand axe; a +0 leather armour Unknown command.
Unknown command.
The komodo dragon hisses angrily.
You slash the yak!
The yak is almost dead.
You closely miss the yak.
The yak blinks!
The komodo dragon is no longer distracted by gold.
The yak gores you but does no damage.
Unknown command.
As you read the scroll labeled SEAN DENALEZXE, it crumbles to dust.
You feel aware of your surroundings.
It was a scroll of magic mapping.
The yak gores you!
You die...
Your body crumbles into a pile of gold.

,,,* *,..#,,,,,,,**,,*
,,,*****,,,******,,**,,***
,,,,,,,,,$,,....,,,,,,,,,*
,,,*****$**##...####*,,,,*
,,,****,,,,....Y...,,,>,,*
***,,,,,,**##...Y.,,,,,***
,,,,,,,,,+,..(ooo#******
***,,,,,,****#'#l#
*,,,,,,* #.#@# *********
#.#Y##### **,,,,,*
#.$.....#
,,,,,,,******#..$$?..#
,,,,,,,+,,.....$$....#
,,,,,,,***#####......#
******,* #......# *,*
##+##### *,* *,*


You could see a komodo dragon, 3 yaks and 2 orcs.

Vanquished Creatures
  An ettin (D:10)
  A fire crab (D:10)
  An ugly thing (D:10)
  2 gargoyles
  3 trolls
  A hippogriff (D:11)
  2 wyverns
  A yak (D:7)
  3 vampire mosquitoes (D:9)
  2 orc warriors
  A sky beast (D:7)
  2 necrophages
  3 phantoms
  2 centaurs
  2 ogres
  2 big kobolds
  A gnoll sergeant (D:9)
  4 bullfrogs
  4 scorpions
  A water moccasin skeleton (D:7)
  5 killer bees (D:9)
  11 wights
  A howler monkey (D:5)
  4 crimson imps
  A centaur zombie (D:10)
  2 quasits
  A bullfrog zombie (D:9)
  2 bullfrog skeletons
  3 hounds
  5 jellies
  5 orc priests
  Ijyb (D:3)
  2 centaur skeletons
  2 iguanas
  6 worker ants
  4 orc wizards
  A hound zombie (D:5)
  4 gnolls (D:9)
  10 adders
  An ooze (D:7)
  2 adder skeletons
  3 worms
  4 dart slugs (D:1)
  5 leopard geckos
  23 orcs
  A ball python (D:1)
  7 bats
  7 giant cockroaches
  9 goblins
  4 hobgoblins
  12 jackals
  7 quokkas
  2 frilled lizards
  20 kobolds
  A leopard gecko skeleton (D:7)
  A quokka skeleton (D:8)
  9 rats
227 creatures vanquished.

Vanquished Creatures (others)
  A troll (D:10)
  A yak (D:9)
  2 ice beasts
  2 orc warriors
  A phantom (D:7)
  An ogre (D:8)
  2 bullfrogs
  A wyvern skeleton (D:11)
  A scorpion (D:10)
  A quasit (D:10)
  A hound skeleton (D:10)
  2 orcs
  2 jackals (D:9)
18 creatures vanquished.

Grand Total: 245 creatures vanquished

Notes
Turn   | Place    | Note
-------+----------+-------------------------------------------
     0 | D:1      | poirepourri the Demonspawn Gladiator began the quest for
                  | the Orb.
     0 | D:1      | Reached XP level 1. HP: 16/16 MP: 1/1
    64 | D:1      | Reached skill level 3 in Axes
   224 | D:1      | Gained mutation: Your movements are slightly less
                  | encumbered by armour. (ER -2) [demonic ancestry]
   224 | D:1      | Reached XP level 2. HP: 22/22 MP: 2/2
   612 | D:1      | Reached XP level 3. HP: 27/27 MP: 3/3
   810 | D:2      | Reached skill level 4 in Axes
   895 | D:2      | Found a blossoming altar of Fedhas.
   900 | D:2      | You fall through a shaft!
  1130 | D:2      | Gained mutation: You have large cloven feet. [demonic
                  | ancestry]
  1130 | D:2      | Reached XP level 4. HP: 30/33 MP: 4/4
  1622 | D:3      | Reached skill level 5 in Axes
  1818 | D:3      | Found a shattered altar of Ashenzari.
  1945 | D:3      | Gained mutation: You are slightly more attuned to the
                  | shadows. [demonic ancestry]
  1945 | D:3      | Reached XP level 5. HP: 37/38 MP: 5/5
  2375 | D:3      | Noticed Ijyb
  2393 | D:3      | Killed Ijyb
  2631 | D:4      | Noticed an ogre
  2639 | D:4      | Killed an ogre
  2639 | D:4      | Reached skill level 6 in Axes
  2639 | D:4      | Gained mutation: You have hoof-like feet. [demonic
                  | ancestry]
  2639 | D:4      | Reached XP level 6. HP: 32/44 MP: 6/6
  2997 | D:4      | Noticed a +0 dagger
  2997 | D:4      | Noticed a +4 dagger
  2999 | D:4      | Found a hide-covered altar of Uskayaw.
  3544 | D:5      | Entered Level 5 of the Dungeon
  3849 | D:5      | Gained mutation: You are immune to rotting. [demonic
                  | ancestry]
  3849 | D:5      | Reached XP level 7. HP: 30/55 MP: 7/7
  4172 | D:5      | Reached skill level 5 in Fighting
  4972 | D:6      | Reached XP level 8. HP: 67/67 MP: 8/8
  5725 | D:7      | Found a staircase to the Ecumenical Temple.
  5780 | Temple   | Entered the Ecumenical Temple
  6084 | Temple   | Became a worshipper of Gozag Ym Sagoz the Greedy
  6662 | D:7      | Reached skill level 10 in Fighting
  6668 | D:7      | Gained mutation: You are significantly more attuned to the
                  | shadows. [demonic ancestry]
  6668 | D:7      | Reached XP level 9. HP: 24/78 MP: 9/9
  6904 | D:7      | You fall through a shaft for 3 floors!
  6904 | D:10     | Entered Level 10 of the Dungeon
  6904 | D:10     | Noticed a troll
  6904 | D:10     | Noticed a troll
  6939 | D:10     | Noticed a red ugly thing
  6959 | D:9      | Found a stormy altar of Qazlal.
  6985 | D:8      | Noticed a troll
  7016 | D:8      | Killed a troll
  7795 | D:7      | Found a white marble altar of Elyvilon.
  7981 | D:7      | Found a basalt altar of Yredelemnul.
  8131 | D:8      | Reached skill level 7 in Axes
  8415 | D:9      | Found a staircase to the Lair.
  8427 | D:9      | Noticed a troll
  8445 | D:9      | Killed a troll
  8446 | D:9      | Reached skill level 8 in Axes
  8903 | D:9      | Found a deep blue altar of Sif Muna.
  8970 | D:9      | Reached skill level 9 in Axes
  9000 | D:9      | Noticed a two-headed ogre
  9059 | D:9      | Gained mutation: Your movements are less encumbered by
                  | armour. (ER -4) [demonic ancestry]
  9059 | D:9      | Reached XP level 10. HP: 9/87 MP: 10/10
  9059 | D:9      | Noticed Erica
  9483 | D:9      | Banished Erica
  9498 | D:9      | Reached skill level 10 in Axes
  9588 | D:9      | Found an ornate altar of the Wu Jian Council.
  9597 | D:9      | Identified a scroll of acquirement
  9887 | D:9      | Identified the +2 ring mail "Kiololorpho" {+Blink Dex+2}
 10102 | D:9      | Found a sacrificial altar of Ru.
 10102 | D:9      | Found a hazy altar of Hepliaklqana.
 10219 | D:10     | Noticed a gargoyle
 10223 | D:10     | Killed a gargoyle
 10415 | D:10     | Found a portal to a secret trove of treasure.
 10477 | D:10     | Reached skill level 11 in Axes
 10566 | D:10     | Identified the +2 war axe of the Morning {protect, +Rage
                  | rPois MR-}
 11035 | D:10     | Noticed an ettin
 11037 | D:10     | Noticed a fire crab
 11038 | D:10     | Killed a fire crab
 11049 | D:10     | Killed an ettin
 11143 | D:10     | Killed a red ugly thing
 11143 | D:10     | Reached skill level 12 in Axes
 11364 | D:10     | Gained mutation: Your movements are significantly less
                  | encumbered by armour. (ER -6) [demonic ancestry]
 11364 | D:10     | Reached XP level 11. HP: 93/93 MP: 11/11
 12048 | D:11     | Found a runed translucent door.
 12049 | D:11     | Noticed Yolobob's ghost (journeyman TrAs)
 12049 | D:11     | Noticed a flayed ghost
 12063 | D:11     | Identified the Volume of the Traveller
 12096 | D:11     | Noticed Sonja
 12106 | D:11     | Noticed a two-headed ogre
 12107 | D:11     | Banished Sonja
 12118 | D:11     | Noticed Nergalle
 12146 | D:11     | Slain by a yak

Skill      XL: |  1  2  3  4  5  6  7  8  9 10 |
---------------+-------------------------------+-----
Axes           | 3 4 5 6 9 12 | 12.7
Fighting       | 4 7 10 11 | 11.0
Throwing       | |  1.7
Dodging        | |  2.6

Action                   |  1- 3 |  4- 6 |  7- 9 | 10-12 || total
-------------------------+-------+-------+-------+-------++-------
Melee: War axe           |   105 |   159 |    38 |       ||   302
       Kick              |       |    50 |    86 |    78 ||   214
       Hand axe          |       |       |   216 |   213 ||   429
Invok: Potion Petition   |       |       |       |     1 ||     1
Evoke: Wand              |       |       |     7 |    16 ||    23
  Use: Scroll            |     2 |     8 |    13 |     6 ||    29
       Potion            |       |     1 |     5 |     9 ||    15
 Stab: Sleeping          |       |     6 |    14 |    12 ||    32
       Distracted        |       |       |     2 |     5 ||     7
       Confused          |       |       |       |     1 ||     1
  Eat: Ration            |     1 |     2 |     4 |     3 ||    10
       Chunk             |       |       |     2 |     2 ||     4
Armor: Leather armour    |    39 |    48 |    58 |    57 ||   202
Dodge: Dodged            |    90 |   131 |   143 |   121 ||   485
Block: Other             |       |       |    16 |    37 ||    53
       Reflection        |       |       |       |     1 ||     1
